 Dungeon Crawl Stone Soup version 0.22-a0-553-g9358b0b (webtiles) character file.

484 chorionicmirror the Blocker (level 7, 0/52 HPs)
             Began as a Formicid Fighter on June 25, 2018.
             Was a Follower of Makhleb.
             Killed from afar by an orc wizard (9 damage)
             ... with a puff of flame
             ... on level 4 of the Dungeon.
             The game lasted 00:10:42 (2827 turns).

chorionicmirror the Blocker (Formicid Fighter)      Turns: 2827, Time: 00:10:43

Health: 0/52       AC:  6    Str: 26    XL:     7   Next: 35%
Magic:  7/7        EV: 10    Int:  9    God:    Makhleb [*.....]
Gold:   160        SH: 12    Dex: 10    Spells: 6/6 levels left

rFire    . . .     SeeInvis +   a - +1 long sword
rCold    . . .     Gourm    .   c - +0 shield
rNeg     . . .     Faith    .   b - +0 scale mail
rPois    .         Spirit   .   (helmet unavailable)
rElec    .         Reflect  .   (no cloak)
rCorr    .         Harm     .   (no gloves)
MR       .....                  (no boots)
Stlth    ..........             (no amulet)
HPRegen  0.17/turn              (no ring)
MPRegen  0.10/turn              (no ring)

@: mighty
A: permanent stasis, dig shafts and tunnels, four strong arms, antennae 3
a: Dig, Shaft Self, Renounce Religion


You were on level 4 of the Dungeon.
You worshipped Makhleb.
Makhleb was aware of your devotion.
You were not hungry.

You visited 1 branch of the dungeon, and saw 4 of its levels.

You collected 160 gold pieces.

Inventory:

Hand Weapons
 a - a +1 long sword (weapon)
Armour
 b - a +0 scale mail (worn)
 c - a +0 shield (worn)
 n - the cursed +1 plate armour of the Devil's Advocate {rElec, unknown}
   (You found it on level 4 of the Dungeon)

   It insulates you from electricity.
   It has a curse placed upon it.
Scrolls
 j - a scroll of fear
 k - a scroll of enchant weapon
 l - a scroll of enchant armour
 r - a scroll of immolation
Potions
 e - a potion of agility
 g - 2 potions of degeneration {unknown}
 i - a potion of curing
 o - 3 potions of brilliance {unknown}
 p - 2 potions of haste {unknown}
 q - a potion of ambrosia {unknown}
Comestibles
 f - 5 rations
 h - 3 chunks of flesh


   Skills:
 - Level 3.2 Fighting
 * Level 3.1 Long Blades
 - Level 3.2 Armour
 - Level 9.0 Shields


You had 6 spell levels left.
You didn't know any spells.
Your spell library was empty.

Dungeon Overview and Level Annotations

Branches:
Dungeon (4/15)
 Temple: D:4-7

Altars:
Dithmenos
Elyvilon
Makhleb
Sif Muna


Innate Abilities, Weirdness & Mutations

You cannot be hasted, slowed, berserked, paralysed or teleported.
You can dig through walls and to a lower floor.
Your four strong arms can wield two-handed weapons with a shield.
You have a pair of large antennae on your head. (SInv)


Message History

You closely miss the orc priest. The orc priest closely misses you.
You riposte.
You slash the orc priest!
The orc priest is almost dead.
You slash the orc priest!
You kill the orc priest!
Makhleb accepts your kill.
Your Long Blades skill increases to level 3!
The orc wizard points at you and mumbles some strange words.
The puff of flame hits you!
* * * LOW HITPOINT WARNING * * *
You hit the orc wizard.
The orc wizard is heavily wounded.
The orc wizard hits you but does no damage.
You block the orc wizard's attack.
You barely miss the orc wizard.
The orc wizard is heavily wounded.
The orc wizard hits you but does no damage.
The orc wizard points at you and mumbles some strange words.
The puff of flame hits you!
You die...

#
##..##......................
##..##...........o.........
#........................
##.......................
##...#...................
######
##..####..................
)....###...#
##o................
.....##...##
#o#..........<....
....####..#
#@##..........#### ...##
#..### ####...##....## ..##
##...######..######### ###
####....##..## ####...#..##
###### ##.###..## #####
#....## #.# ###.## ##....
......# #.# ##.####.....
.#....#### ##.# #..##......


You could see an orc wizard (invisible) and an orc.

Vanquished Creatures
  Sigmund (D:2)
  A phantom (D:4)
  A bullfrog (D:4)
  An orc priest (D:4)
  An iguana (D:4)
  An orc wizard (D:4)
  A hound skeleton (D:4)
  2 adders
  An adder skeleton (D:3)
  2 worms
  4 dart slugs
  3 leopard geckos
  2 orcs
  A giant cockroach (D:2)
  5 goblins
  5 hobgoblins
  4 jackals
  8 kobolds
  A quokka (D:2)
  4 bats
  7 frilled lizards
  A quokka skeleton (D:4)
  4 rats
61 creatures vanquished.

Notes
Turn   | Place    | Note
-------+----------+-------------------------------------------
     0 | D:1      | chorionicmirror the Formicid Fighter began the quest for the Orb.
     0 | D:1      | Reached XP level 1. HP: 18/18 MP: 1/1
   138 | D:1      | Reached skill level 4 in Shields
   163 | D:1      | Reached XP level 2. HP: 19/24 MP: 2/2
   659 | D:1      | Reached XP level 3. HP: 28/29 MP: 3/3
   920 | D:2      | You fall through a shaft for 2 floors!
   938 | D:3      | Reached skill level 5 in Shields
   986 | D:3      | Found a burning altar of Makhleb.
   990 | D:3      | Found a shadowy altar of Dithmenos.
  1010 | D:3      | Became a worshipper of Makhleb the Destroyer
  1237 | D:2      | Noticed Sigmund
  1259 | D:2      | Killed Sigmund
  1259 | D:2      | Reached skill level 7 in Shields
  1259 | D:2      | Reached XP level 4. HP: 20/35 MP: 4/4
  1259 | D:2      | Reached XP level 5. HP: 24/41 MP: 5/5
  1259 | D:2      | Reached XP level 6. HP: 27/47 MP: 6/6
  1392 | D:2      | Found a white marble altar of Elyvilon.
  1735 | D:3      | Found a faded altar of an unknown god.
  1784 | D:3      | Found a deep blue altar of Sif Muna.
  2152 | D:3      | Reached skill level 8 in Shields
  2342 | D:4      | Noticed a phantom
  2414 | D:4      | Killed a phantom
  2723 | D:4      | Reached XP level 7. HP: 28/52 MP: 7/7
  2795 | D:4      | Got a spiked plate armour
  2819 | D:4      | Reached skill level 9 in Shields
  2820 | D:4      | Reached * piety under Makhleb
  2822 | D:4      | HP: 2/52 [orc wizard/puff of flame (9)]
  2827 | D:4      | Killed from afar by an orc wizard

Vault maps used:
D:1:      denvon_arrival_planthouse, minmay_pentomino_x2
D:2:      elyvilon_altar_5, grunt_ministairs_6, uniq_sigmund
D:3:      chequers_temple_overflow_statue_of_worship, lemuel_crystal_altar,
          chequers_ecumenical_altar_simple, hex_tiny

Skill      XL: |  1  2  3  4  5  6  7 |
---------------+----------------------+-----
Shields        | 4 7 8 9 |  9.0
Long Blades    | 3 |  3.1
Fighting       | |  3.2
Armour         | |  3.2

Action                   |  1- 3 |  4- 6 |  7- 9 || total
-------------------------+-------+-------+-------++-------
Melee: Long sword        |   106 |   141 |    18 ||   265
 Abil: Dig               |       |       |     1 ||     1
  Use: Scroll            |     5 |     6 |       ||    11
       Potion            |       |       |     3 ||     3
  Eat: Chunk             |     1 |     4 |       ||     5
       Ration            |       |     1 |       ||     1
Armor: Scale mail        |    47 |    35 |    11 ||    93
Dodge: Dodged            |    41 |    53 |     7 ||   101
Block: Shield            |    54 |    93 |    10 ||   157
       Rpst.: Long sword |    13 |    13 |     4 ||    30

Table legend:
 A = Spawn XP
 B = Non-spawn XP
 C = Spawn XP percentage of total XP
 D = Spawn monster count
 E = Non-spawn monster count
 F = Spawn count percentage of total count
 G = Total turns spent on level
                    A         B        C        D         E        F      G
               +---------+---------+-------+---------+---------+-------+---------
         Total |       0 |     692 |   0.0 |       0 |      61 |   0.0 |  2827
               +---------+---------+-------+---------+---------+-------+---------
           D:1 |       0 |      30 |   0.0 |       0 |      16 |   0.0 |   738
           D:2 |       0 |     263 |   0.0 |       0 |      15 |   0.0 |   779
           D:3 |       0 |      50 |   0.0 |       0 |      18 |   0.0 |   735
           D:4 |       0 |     349 |   0.0 |       0 |      12 |   0.0 |   575
               +---------+---------+-------+---------+---------+-------+---------
